 Dungeon Crawl Stone Soup version 0.22-a0-271-gc000056 (webtiles) character file.

652 truemonolith the Basher (level 7, -2/40 HPs)
             Began as a Gargoyle Gladiator on Mar 11, 2018.
             Slain by a wyvern (10 damage)
             ... on level 4 of the Dungeon.
             The game lasted 00:06:42 (3325 turns).

truemonolith the Basher (Gargoyle Gladiator)        Turns: 3325, Time: 00:06:42

Health: -2/40      AC: 19    Str: 18    XL:     7   Next: 54%
Magic:  7/7        EV: 12    Int:  9    God:
Gold:   174        SH:  0    Dex: 12    Spells: 6/6 levels left

rFire    . . .     SeeInvis .   o - +0 dire flail (protect)
rCold    . . .     Gourm    .   (shield currently unavailable)
rNeg     + . .     Faith    .   b - +0 leather armour
rPois    ∞         Spirit   .   c - +0 helmet
rElec    +         Reflect  .   (no cloak)
rCorr    .         Harm     .   p - +1 pair of gloves
MR       .....                  g - +1 pair of boots
Stlth    +.........             (no amulet)
HPRegen  0.13/turn              (no ring)
MPRegen  0.10/turn              (no ring)

@: protection aura
A: negative energy resistance 1, electricity resistance, unbreathing,
petrification resistance, rot immunity, AC +4
a: no special abilities


You were on level 4 of the Dungeon.
You were not hungry.

You visited 1 branch of the dungeon, and saw 4 of its levels.

You collected 174 gold pieces.

Inventory:

Hand Weapons
 a - a +0 flail
 o - a +0 dire flail of protection (weapon)
Missiles
 d - 3 throwing nets (quivered)
Armour
 b - a +0 leather armour (worn)
 c - a +0 helmet (worn)
 g - a +1 pair of boots (worn)
 p - a +1 pair of gloves (worn)
Scrolls
 e - 4 scrolls of identify
 i - a scroll of remove curse
 n - a scroll of fear
Potions
 h - a potion of magic
 j - a potion of brilliance {unknown}
 k - a potion of agility {unknown}
 l - a potion of curing
 m - a potion of berserk rage {unknown}
 r - a potion of ambrosia {unknown}
 s - a potion of lignification {unknown}
Comestibles
 f - 9 rations


   Skills:
 - Level 2.1 Fighting
 + Level 8.6 Maces & Flails
 - Level 1.7 Throwing
 - Level 2.4 Dodging


You had 6 spell levels left.
You didn't know any spells.

Dungeon Overview and Level Annotations

Branches:
Dungeon (4/15)
 Temple: D:4-7

Altars:
Gozag


Innate Abilities, Weirdness & Mutations

You are resistant to torment.
Your stone body is resilient. (AC +4)
You are immune to poison.
You resist negative energy. (rN+)
You are resistant to electric shocks. (rElec)
You can survive without breathing.
You are immune to petrification.
You are immune to rotting.


Message History

f - 9 rations (gained 1)
A wyvern comes into view.
The wyvern hisses angrily.
The wyvern moves out of view.
The wyvern is too close now for your liking.
A wyvern is nearby!
The wyvern closely misses you. The wyvern barely misses you.
All of the chunks of flesh in your inventory have rotted away.
The wyvern bites you.
You closely miss the wyvern. The wyvern bites you! The wyvern bites you.
You closely miss the wyvern.
The wyvern bites you but does no damage.
You closely miss the wyvern. The wyvern bites you. The wyvern bites you!
* * * LOW HITPOINT WARNING * * *
You sock the wyvern!
Your weapon exudes an aura of protection.
The wyvern is heavily wounded.
The wyvern bites you!
You die...

#.# ###.....#####.# #.#
####..# ### ##.# #####
###.## #..#
##...######...## #..#
#.......#......## ...#
##.........####..##
...# ##..........##
##..# ...##
##.........l..## ##.##
##..###.........@....#
##.##
#...................#
#..##
###...###.............#
##..# ....###
##.............# ##.##
......#
##.............# ##.#
......# ####.....<#####
### .....## ########
#....# ###..#


You could see a wyvern.

Vanquished Creatures
  Sigmund (D:2)
  Edmund (D:4)
  A scorpion (D:4)
  Natasha (thrice) (D:2)
  2 worker ants (D:4)
  The ghost of ThereIsNoGod the Stinger, a weakling SpVM (D:4)
  11 adders
  5 oozes
  A dart slug (D:2)
  3 worms
  4 leopard geckos
  4 orcs
  7 bats
  2 giant cockroaches
  11 goblins
  8 hobgoblins
  2 jackals (D:3)
  2 quokkas (D:4)
  6 frilled lizards
  6 kobolds
  11 rats
92 creatures vanquished.

Notes
Turn   | Place    | Note
-------+----------+-------------------------------------------
     0 | D:1      | truemonolith the Gargoyle Gladiator began the quest for the Orb.
     0 | D:1      | Reached XP level 1. HP: 12/12 MP: 1/1
     0 | D:1      | Noticed a yellow draconian
     0 | D:1      | Noticed a large abomination
     0 | D:1      | Noticed a shadow dragon
     2 | D:1      | Noticed a white draconian
     4 | D:1      | Noticed an ice dragon
     6 | D:1      | Noticed an orb of fire
     8 | D:1      | Noticed an ice dragon
     9 | D:1      | Noticed an iron dragon
    12 | D:1      | Noticed a golden dragon
    14 | D:1      | Noticed a shadow dragon
    14 | D:1      | Noticed a shadow dragon
    15 | D:1      | Noticed a shadow dragon
    16 | D:1      | Noticed a large abomination
    18 | D:1      | Noticed a tentacled monstrosity
    18 | D:1      | Noticed a large abomination
    20 | D:1      | Noticed an ice dragon
    23 | D:1      | Noticed an orb of fire
    97 | D:1      | Reached XP level 2. HP: 2/17 MP: 2/2
   613 | D:1      | Reached skill level 4 in Maces & Flails
   924 | D:2      | Reached XP level 3. HP: 21/21 MP: 3/3
  1138 | D:2      | Reached XP level 4. HP: 12/26 MP: 4/4
  1394 | D:2      | Reached skill level 5 in Maces & Flails
  1453 | D:2      | Noticed Sigmund
  1462 | D:2      | Killed Sigmund
  1462 | D:2      | Reached skill level 6 in Maces & Flails
  1462 | D:2      | Reached XP level 5. HP: 29/30 MP: 5/5
  1462 | D:2      | Reached XP level 6. HP: 34/35 MP: 6/6
  1618 | D:2      | Noticed Natasha
  1629 | D:2      | Killed Natasha
  1689 | D:2      | Noticed Natasha
  1703 | D:2      | Killed Natasha
  1703 | D:2      | Reached skill level 7 in Maces & Flails
  1794 | D:2      | Noticed Natasha
  1801 | D:2      | Killed Natasha
  2778 | D:3      | Found an opulent altar of Gozag.
  2860 | D:4      | Noticed Edmund
  2860 | D:4      | Noticed ThereIsNoGod's ghost (weakling SpVM)
  2868 | D:4      | Killed Edmund
  2868 | D:4      | Reached skill level 8 in Maces & Flails
  2868 | D:4      | Reached XP level 7. HP: 37/40 MP: 7/7
  2877 | D:4      | Killed ThereIsNoGod's ghost
  3316 | D:4      | Noticed a wyvern
  3325 | D:4      | Slain by a wyvern

Vault maps used:
D:1:      shiori_arrival_whats_in_store_for_you
D:2:      serial_corexii_hall, corexii_hall_statues_s, corexii_hall_statues_i,
          kennysheep_crisscross, uniq_natasha, uniq_sigmund
D:3:      portal_sewer_entry_b, columned_hall_lemuel, serial_park_tiny_2,
          nicolae_gozag_seed_capital
D:4:      first_ration, uniq_edmund, uniq_pikel

Skill      XL: |  1  2  3  4  5  6 |
---------------+-------------------+-----
Maces & Flails | 4 6 8 |  8.6
Fighting       | |  2.1
Throwing       | |  1.7
Dodging        | |  2.4

Action                   |  1- 3 |  4- 6 |  7- 9 || total
-------------------------+-------+-------+-------++-------
Melee: Flail             |   127 |   190 |    12 ||   329
       Dire flail        |       |       |    53 ||    53
  Use: Potion            |       |     1 |       ||     1
       Scroll            |       |     7 |       ||     7
  Eat: Chunk             |       |     7 |     1 ||     8
Armor: Leather armour    |    89 |   110 |    35 ||   234
Dodge: Dodged            |   120 |   133 |    31 ||   284

Table legend:
 A = Spawn XP
 B = Non-spawn XP
 C = Spawn XP percentage of total XP
 D = Spawn monster count
 E = Non-spawn monster count
 F = Spawn count percentage of total count
 G = Total turns spent on level
                    A         B        C        D         E        F      G
               +---------+---------+-------+---------+---------+-------+---------
         Total |       0 |     932 |   0.0 |       0 |      92 |   0.0 |  3325
               +---------+---------+-------+---------+---------+-------+---------
           D:1 |       0 |      33 |   0.0 |       0 |      19 |   0.0 |   910
           D:2 |       0 |     432 |   0.0 |       0 |      31 |   0.0 |  1173
           D:3 |       0 |     107 |   0.0 |       0 |      31 |   0.0 |   777
           D:4 |       0 |     360 |   0.0 |       0 |      11 |   0.0 |   465
               +---------+---------+-------+---------+---------+-------+---------
